 Dungeon Crawl Stone Soup version 0.27.1 (webtiles) character file.

Game seed: 4633085557374346365

126 funkygono the Firebug (level 5, -2/28 HPs)
             Began as a Gargoyle Fire Elementalist on Aug 25, 2021.
             Killed by divine providence
             ... invoked by an orc priest
              (16 damage)
             ... on level 3 of the Dungeon.
             The game lasted 00:03:45 (2294 turns).

funkygono the Firebug (Gargoyle Fire Elementalist)  Turns: 2294, Time: 00:03:46

Health: -2/28      AC:  8    Str: 12    XL:     5   Next: 9%
Magic:  4/10       EV: 12    Int: 16    God:
Gold:   106        SH:  0    Dex: 13    Spells: 2/10 levels left

rFire    . . .     SeeInvis .   (no weapon)
rCold    . . .     Faith    .   (no shield)
rNeg     + . .     Spirit   .   a - +0 robe
rPois    ∞         Reflect  .   (no helmet)
rElec    +         Harm     .   (no cloak)
rCorr    .         Rampage  .   f - +0 pair of fencer's gloves {Riposte Dex+3}
Will     .....                  b - +0 pair of boots
Stlth    ++........             (no amulet)
HPRegen  0.09/turn              h - ring of wizardry
MPRegen  0.12/turn              (no ring)

@: no status effects
A: sickness immunity, AC +4, negative energy resistance 1, electricity
resistance, torment resistance 1, petrification resistance
a: no special abilities


You were on level 3 of the Dungeon.
You visited 1 branch of the dungeon, and saw 3 of its levels.

You collected 106 gold pieces.

Inventory:

Missiles
 d - 34 stones
Armour
 a - a +0 robe (worn)
 b - a +0 pair of boots (worn)
 f - the +0 pair of fencer's gloves (worn) {Riposte Dex+3}
   (You acquired it on level 2 of the Dungeon)

   It allows the wearer to riposte with any weapon, or to riposte more often
   with a long blade, swiftly retaliating against a missed attack.
   Dex:       It affects your dexterity (+3).
 g - a +0 scale mail
Jewellery
 h - a ring of wizardry (left hand)
Potions
 c - 2 potions of degeneration {unknown}
 e - a potion of magic {unknown}


   Skills:
 + Level 1.7 Dodging
 - Level 2.1 Stealth
 * Level 3.4 Spellcasting
 * Level 2.0 Conjurations
 * Level 4.2 Fire Magic


You had 2 spell levels left.
You knew the following spells:

 Your Spells              Type           Power      Damage    Failure   Level
a - Foxfire               Conj/Fire      48%        2x1d6     1%          1
b - Conjure Flame         Conj/Fire      12%        6-21      6%          3
c - Sticky Flame          Conj/Fire      12%        2d4       19%         4

Your spell library contained the following spells:

 Spells                   Type           Power      Damage    Failure   Level
 Pain                     Necr           8%         1d4       8%          1
 Inner Flame              Hex/Fire       9%         N/A       9%          3
 Dazzling Flash           Conj/Hex       12%        N/A       14%         3
 Iskenderun's Mystic Bla  Conj/Tloc      6%         2d4       41%         4
 Fireball                 Conj/Fire      6%         3d5       45%         5
 Agony                    Necr           2%         N/A       86%         5
 Excruciating Wounds      Necr           1%         N/A       86%         5
 Starburst                Conj/Fire      6%         6d4       95%         6


Dungeon Overview and Level Annotations

Branches:
Dungeon (3/15)

Altars:


Innate Abilities, Weirdness & Mutations

You are immune to sickness and miasma.
Your stone body is resilient. (AC +4)
You are immune to poison.
You resist negative energy. (rN+)
You are resistant to electric shocks. (rElec)
You are resistant to unholy torment.
You are immune to petrification.


Message History

The foxfire hits the orc wizard.
The orc wizard is moderately wounded.
The orc priest calls upon Beogh to heal the orc.
The orc's wounds heal themselves!
An adder comes into view.
Something unseen opens the door.
Casting: Foxfire (safe; 1% risk of failure)
Confirm with . or Enter, or press ? or * to list all spells.
You conjure some foxfire!
The foxfire hits the orc but does no damage.
The orc is almost dead.
The foxfire hits the orc.
You kill the orc!
Casting: Foxfire (safe; 1% risk of failure)
Confirm with . or Enter, or press ? or * to list all spells.
You conjure some foxfire!
The orc priest mumbles some strange prayers to Beogh against you.
Beogh smites you!
The foxfire hits the adder.
The adder is moderately wounded.
The foxfire hits the adder.
The adder is heavily wounded.
The adder bites you. The adder misses you. The adder closely misses you.
You riposte.
You barely miss the adder.
The adder is heavily wounded.
The orc priest miscasts a cantrip.
The adder barely misses you.
You riposte.
You hit the adder but do no damage.
The adder is heavily wounded.
The adder completely misses you.
You riposte.
You hit the adder.
The adder is heavily wounded.
The adder closely misses you. The adder barely misses you.
You riposte.
You hit the adder.
The adder is severely wounded.
The adder closely misses you.
You riposte.
You closely miss the adder.
The adder is severely wounded.
The orc priest mumbles some strange prayers to Beogh against you.
Beogh smites you!
Ouch! That really hurt!
You die...

#.......#..... #+
#.......#.....
#.####+####o..o####.....
##..................#....
#...................#....
#..........o........#....
#.........o.........#....
..........S........###...
#.....@..........# ####
##................#
#......##.........#
#.####<##.........# #
#..+.........#
####.........#
###+#######


You could see an orc priest, an adder and 3 orcs.

Vanquished Creatures
  A jelly (D:2)
  5 adders
  2 worms
  A dart slug (D:1)
  3 orcs (D:3)
  2 endoplasms
  2 giant cockroaches
  6 hobgoblins
  2 kobolds (D:1)
  A quokka (D:1)
  3 ball pythons
  8 bats
  A frilled lizard (D:1)
  3 rats
40 creatures vanquished.

Vanquished Creatures (others)
  146 foxfires
146 creatures vanquished.

Grand Total: 186 creatures vanquished

Notes
Turn   | Place    | Note
-------+----------+-------------------------------------------
     0 | D:1      | funkygono the Gargoyle Fire Elementalist began the quest
                  | for the Orb.
     0 | D:1      | Reached XP level 1. HP: 10/10 MP: 3/3
   184 | D:1      | Noticed a floating eye
   188 | D:1      | Found a faded altar of an unknown god.
   189 | D:1      | Reached XP level 2. HP: 15/15 MP: 3/5
   412 | D:1      | Noticed a shining eye
   422 | D:1      | Noticed an eye of devastation
   435 | D:1      | Noticed a great orb of eyes
   995 | D:2      | Reached XP level 3. HP: 19/19 MP: 4/6
   999 | D:2      | Learned a level 3 spell: Conjure Flame
  1124 | D:2      | Reached XP level 4. HP: 24/24 MP: 3/8
  1173 | D:2      | Learned a level 4 spell: Sticky Flame
  1278 | D:2      | Reached skill level 4 in Fire Magic
  1991 | D:2      | Identified a scroll of acquirement
  1991 | D:2      | Acquired the +0 pair of fencer's gloves {Riposte Dex+3}
  1991 | D:2      | Found the +0 pair of fencer's gloves {Riposte Dex+3}
  2224 | D:3      | Reached XP level 5. HP: 28/28 MP: 5/10
  2294 | D:3      | Killed from afar by an orc priest

Illustrated notes

Levels and vault maps discovered:
D:1:      shiori_arrival_elements, layout_basic,
          hellmonk_ecumenical_altar_watching_god
D:2:      layout_basic
D:3:      layout_basic

Skill      XL: |  1  2  3  4 |
---------------+-------------+-----
Fire Magic     | 4 |  4.2
Spellcasting   | 3 |  3.4
Conjurations   | 2 |  2.0
Dodging        | |  1.7
Stealth        | |  2.1

Action                   |  1- 3 |  4- 6 || total
-------------------------+-------+-------++-------
 Cast: Foxfire           |    36 |    47 ||    83
  Use: Scroll            |     1 |     2 ||     3
Armor: Robe              |     5 |     1 ||     6
Dodge: Dodged            |     8 |    11 ||    19
       Rpst.: Unarmed    |       |     6 ||     6
